 Dungeon Crawl Stone Soup version 0.30-a0-618-gd6c86c23d0 (webtiles) character file.

Game seed: 720482979832535944

672 Leeroy the Insei (level 7, 0/48 HPs)
             Began as a Demonspawn Transmuter on Jan 9, 2023.
             Was an Initiate of Wu Jian.
             Slain by an orc wizard
             ... wielding a +0 dagger
              (2 damage)
             ... on level 5 of the Dungeon.
             The game lasted 00:07:04 (4767 turns).

Leeroy the Insei (Demonspawn Transmuter)            Turns: 4767, Time: 00:07:05

Health: 0/48       AC:  2    Str: 12    XL:     7   Next: 32%
Magic:  10/10      EV: 12    Int: 15    God:    Wu Jian [......]
Gold:   258        SH:  0    Dex: 13    Spells: 3/10 levels left

rFire   . . .      SeeInvis .      - Unarmed
rCold   . . .      Faith    .    (no shield)
rNeg    . . .      Spirit   .    a - +0 robe
rPois   .          Reflect  .    (helmet restricted)
rElec   .          Harm     .    (no cloak)
rCorr   .          Rampage  .    (no gloves)
Will    .....                    (no boots)
Stlth   +                        (no amulet)
HPRegen 1.28/turn                (no ring)
MPRegen 0.12/turn                (no ring)

@: hasted, very quick
A: claws 1, horns 1, powered by death 1, weakness stinger 1
a: Renounce Religion


You were on level 5 of the Dungeon.
You worshipped Wu Jian.
Wu Jian was noncommittal.
You visited 1 branch of the dungeon, and saw 5 of its levels.

You collected 258 gold pieces.

Inventory:

Hand Weapons
 p - a +0 short sword of electrocution
 q - a +1 dagger of flaming
Armour
 a - a +0 robe (worn)
 s - the +5 scale mail "Mueqed" {Dex+4}
   (You found it on level 2 of the Dungeon)

   Dex:       It affects your dexterity (+4).
 u - the +1 helmet "Xoacioj" {Fly rC+ rN+ Dex-3}
   (You found it on level 2 of the Dungeon)

   Dex:       It affects your dexterity (-3).
   rC:        It protects you from cold.
   rN:        It protects you from negative energy.
   Fly:       It grants you flight.
Jewellery
 k - a ring of positive energy
 v - a +6 ring of intelligence
Wands
 l - a wand of roots (13) (quivered)
Scrolls
 c - a scroll of amnesia
 d - 2 scrolls of vulnerability {unknown}
 f - 3 scrolls of identify
 g - a scroll of teleportation
 h - a scroll of blinking {unknown}
 i - a scroll of magic mapping {unknown}
 m - a scroll of butterflies {unknown}
 n - 3 scrolls of enchant weapon {unknown}
 o - a scroll of acquirement {unknown}
 w - a scroll of fog {unknown}
Potions
 b - a potion of attraction {unknown}
 j - a potion of berserk rage {unknown}
 r - a potion of haste
 t - a potion of cancellation {unknown}
 x - 2 potions of ambrosia {unknown}


   Skills:
 - Level 1.0 Fighting
 - Level 1.7 Dodging
 + Level 7.3 Unarmed Combat
 - Level 2.0 Spellcasting
 + Level 3.3 Transmutations


You had 3 spell levels left.
You knew the following spells:

 Your Spells              Type           Power      Damage    Failure   Level
a - Beastly Appendage     Tmut           22%        N/A       5%          1
b - Kiss of Death         Conj/Necr      4%         2d5       22%         1
c - Spider Form           Tmut/Pois      6%         N/A       32%         3
d - Wereblood             Tmut           11%        N/A       9%          2

Your spell library contained the following spells:

 Spells                   Type           Power      Damage    Failure   Level
 Apportation              Tloc           2%         N/A       22%         1
 Necrotise                Necr           4%         1d4       22%         1
 Summon Small Mammal      Summ           4%         N/A       22%         1
 Confusing Touch          Hex            1%         N/A       54%         3
 Ice Form                 Ice/Tmut       6%         N/A       73%         4
 Dispel Undead            Necr           1%         3d6       91%         4


Dungeon Overview and Level Annotations

Branches:
Dungeon (5/15)
 Temple: D:4-7

Altars:
Hepliaklqana
Ru
Wu Jian


Innate Abilities, Weirdness & Mutations

You have sharp fingernails.
You have a pair of small horns on your head.
You regenerate a little health from kills.
You have a small tail.


Message History

Something hits you.
The orc priest looks encouraged for a moment.
The orc priest hits you with a +0 falchion.
You scratch the orc priest.
You tail-slap the orc priest, but do no damage.
The orc priest is severely wounded.
Something hits you.
The orc priest hits you with a +0 falchion.
The orc priest mumbles some strange prayers to Beogh against you.
Pain shoots through your body!
You barely miss the orc priest.
The orc priest is severely wounded.
Something hits you.
The orc priest hits you but does no damage.
The orc priest hits you from afar with a +0 trident!
* * * LOW HITPOINT WARNING * * *
You scratch the orc priest. Your headbutt misses the orc priest.
Your tail-slap misses the orc priest.
You claw the orc priest.
The orc priest is almost dead.
Something hits you but does no damage.
An orc wizard comes into view. It is wielding a +0 dagger.
The orc priest hits you from afar with a +0 trident.
* * * LOW HITPOINT WARNING * * *
The orc priest misses you.
The orc wizard shouts!
Okay, then.
Okay, then.
You scratch the orc priest.
You kill the orc priest!
The Council accepts your kill. Something hits you.
* * * LOW HITPOINT WARNING * * *
The orc wizard hits you with a +0 dagger.
* * * LOW HITPOINT WARNING * * *
The orc priest barely misses you.
It was a potion of haste.
You feel yourself speed up. Something hits you.
* * * LOW HITPOINT WARNING * * *
The orc priest casts a cantrip, but nothing happens.
The orc wizard hits you with a +0 dagger.
You die...

......# #..........##..
......#
########..............
......#
##.....................
......+
#......................
......#
#.............####+##..
......# ##.....##.....
#### ......#
#.....##..... #...
......######...){oo.....
#...
...........#....@#....o.
#... ...........#.....#
..o.. #...
...........#.....# ....
#... ...........'.....#
... #...
...........####+## ##
#### ................
................
.................
.................


You could see an orc priest and an orc wizard.

Vanquished Creatures
  Sigmund (D:4)
  A phantom (D:5)
  Blork the orc (D:4)
  A necrophage (D:4)
  A crimson imp (D:4)
  An orc priest (D:5)
  An iguana (D:3)
  Natasha (thrice) (D:2)
  Robin (D:2)
  4 adders
  A white imp (D:4)
  4 worms
  2 orcs (D:5)
  4 endoplasms
  2 giant cockroaches
  14 goblins
  7 hobgoblins
  2 jackals (D:3)
  10 kobolds
  3 quokkas (D:2)
  4 ball pythons
  9 bats
  4 frilled lizards (D:1)
  4 rats
85 creatures vanquished.

Notes
Turn   | Place    | Note
-------+----------+-------------------------------------------
     0 | D:1      | Leeroy the Demonspawn Transmuter began the quest for the
                  | Orb.
     0 | D:1      | Reached XP level 1. HP: 15/15 MP: 3/3
    58 | D:1      | Learned a level 1 spell: Kiss of Death
   109 | D:1      | Reached skill level 3 in Unarmed Combat
   132 | D:1      | Discovered your monstrous ancestry.
   132 | D:1      | Gained mutation: You have sharp fingernails. [demonic
                  | ancestry]
   132 | D:1      | Reached XP level 2. HP: 21/21 MP: 5/5
   875 | D:2      | Gained mutation: You have a small tail. [demonic ancestry]
   875 | D:2      | Reached XP level 3. HP: 25/26 MP: 6/6
   943 | D:2      | Noticed Robin
   959 | D:2      | Reached skill level 4 in Unarmed Combat
   961 | D:2      | Killed Robin
  1236 | D:2      | Noticed Natasha
  1251 | D:2      | Killed Natasha
  1252 | D:2      | Reached XP level 4. HP: 13/27 MP: 3/7
  1699 | D:3      | Reached skill level 5 in Unarmed Combat
  2099 | D:3      | Reached XP level 5. HP: 21/37 MP: 6/8
  2321 | D:3      | Learned a level 3 spell: Spider Form
  2324 | D:3      | Learned a level 2 spell: Wereblood
  2500 | D:4      | Noticed Sigmund
  2708 | D:2      | Noticed Natasha
  2716 | D:2      | Killed Natasha
  2888 | D:2      | Identified the +1 helmet "Xoacioj" {Fly rC+ rN+ Dex-3}
  3143 | D:2      | Identified the +5 scale mail "Mueqed" {Dex+4}
  3519 | D:2      | Noticed Natasha
  3523 | D:2      | Killed Natasha
  3942 | D:4      | Reached skill level 6 in Unarmed Combat
  3942 | D:4      | Gained mutation: You regenerate a little health from kills.
                  | [demonic ancestry]
  3942 | D:4      | Reached XP level 6. HP: 39/43 MP: 9/9
  4067 | D:4      | Noticed Blork the orc
  4080 | D:4      | Killed Sigmund
  4090 | D:4      | Killed Blork the orc
  4091 | D:4      | Reached skill level 7 in Unarmed Combat
  4091 | D:4      | Gained mutation: You have a pair of small horns on your
                  | head. [demonic ancestry]
  4091 | D:4      | Reached XP level 7. HP: 31/48 MP: 10/10
  4351 | D:5      | Entered Level 5 of the Dungeon
  4492 | D:5      | Found an ornate altar of the Wu Jian Council.
  4519 | D:5      | Became a worshipper of the Wu Jian Council
  4541 | D:5      | Found a hazy altar of Hepliaklqana.
  4552 | D:5      | Found a sacrificial altar of Ru.
  4766 | D:5      | HP: 2/48 [orc wizard/+0 dagger (4)]
  4767 | D:5      | Slain by an orc wizard

Illustrated notes

Levels and vault maps discovered:
D:1:      amcnicky_arrival_blooded_trapdoor, layout_basic, columned_hall_lemuel
D:2:      layout_basic, corexii_shack, uniq_robin, uniq_natasha
D:3:      layout_basic
D:4:      layout_rooms, minmay_fire_ice_demons, uniq_sigmund, uniq_blork_the_orc
D:5:      layout_gridville, nicolae_overflow_quartered_altars

Skill      XL: |  1  2  3  4  5  6 |
---------------+-------------------+-----
Unarmed Combat | 3 4 5 6 7 |  7.3
Transmutations | 2 3 |  3.3
Fighting       | |  1.0
Dodging        | |  1.7
Spellcasting   | |  2.0

Action                   |  1- 3 |  4- 6 |  7- 9 || total
-------------------------+-------+-------+-------++-------
Melee: Unarmed           |   125 |   116 |    16 ||   257
       Kick              |     5 |    13 |       ||    18
       Headbutt          |     2 |    10 |     4 ||    16
       Punch             |     1 |     1 |     1 ||     3
       Tailslap          |       |     7 |     6 ||    13
 Cast: Beastly Appendage |     9 |    16 |       ||    25
       Kiss of Death     |     2 |       |       ||     2
Evoke: Wand              |       |    15 |       ||    15
  Use: Scroll            |     1 |     2 |       ||     3
       Potion            |     1 |     2 |     2 ||     5
Armor: Robe              |    20 |    17 |     2 ||    39
       Skin              |    13 |    17 |       ||    30
Dodge: Dodged            |    82 |    55 |     7 ||   144

Table legend: (Time is in decaauts)
 A = Elapsed time spent in this place.
 B = Non-inter-level travel time spent in this place.
 C = Inter-level travel time spent in this place.
 D = Time resting spent in this place.
 E = Time spent auto-exploring this place.
 F = Levels seen in this place.
 G = Mean time per level.
                   A        B        C        D        E       F      G
               +--------+--------+--------+--------+--------+-----+--------+
         Total |   4746 |   4270 |    476 |    915 |   2690 |   5 |  949.2 |
       Dungeon |   4746 |   4270 |    476 |    915 |   2690 |   5 |  949.2 |
               +--------+--------+--------+--------+--------+-----+--------+

Top non-repeatable levels by time:
     D:2: 1523 daAuts
     D:3: 1277 daAuts
     D:1: 778 daAuts
     D:4: 753 daAuts
     D:5: 413 daAuts
